 Dungeon Crawl Stone Soup version 0.28-a0-1374-ga75cb3825e (webtiles) character file.

Game seed: 4694447195668269295

109 gimp the Sneak (level 4, 0/38 HPs)
             Began as a Demigod Wanderer on Dec 31, 2021.
             Succumbed to a scorpion's poison
             ... on level 3 of the Dungeon.
             The game lasted 00:05:16 (3667 turns).

gimp the Sneak (Demigod Wanderer)                   Turns: 3667, Time: 00:05:17

Health: 0/38       AC:  5    Str: 16    XL:     4   Next: 35%
Magic:  6/6        EV: 11    Int: 11    God:
Gold:   55         SH:  0    Dex: 19    Spells: 3/3 levels left

rFire   . . .      SeeInvis +   a - +0 dagger
rCold   . . .      Faith    .   (no shield)
rNeg    . . .      Spirit   .   f - +0 leather armour
rPois   .          Reflect  .   e - +0 helmet
rElec   .          Harm     .   (no cloak)
rCorr   .          Rampage  .   r - +0 pair of gloves
Will    .....                   (no boots)
Stlth   +++.......              (no amulet)
HPRegen 0.12/turn               (no ring)
MPRegen 0.10/turn               (no ring)

@: lethally poisoned (0 -> -5), invisible
A: high mp 1, forlorn, divine attributes, see invisible, strong 1
a: no special abilities


You were on level 3 of the Dungeon.
You visited 1 branch of the dungeon, and saw 4 of its levels.

You collected 55 gold pieces.

Inventory:

Hand Weapons
 a - a +0 dagger (weapon)
 d - a +0 mace
 l - a +0 dagger of pain
Missiles
 b - an atropa-tipped dart (quivered)
 c - 2 datura-tipped darts
 h - 17 poisoned darts
Armour
 e - a +0 helmet (worn)
 f - a +0 leather armour (worn)
 r - a +0 pair of gloves (worn)
Scrolls
 g - 2 scrolls of enchant armour {unknown}
 i - a scroll of immolation {unknown}
 j - a scroll of noise {unknown}
 k - 3 scrolls of identify
 m - 2 scrolls of blinking {unknown}
 o - a scroll of enchant weapon
Potions
 n - a potion of flight


   Skills:
 + Level 3.5 Fighting
 * Level 3.1 Short Blades
 - Level 1.0 Maces & Flails
 - Level 1.0 Dodging
 - Level 4.5 Stealth


You had 3 spell levels left.
You didn't know any spells.
Your spell library was empty.

Dungeon Overview and Level Annotations

Branches:
Dungeon (4/15)
 Temple: D:4-7

Shops:
D:1 ?


Innate Abilities, Weirdness & Mutations

You have an increased reservoir of magic. (+10% MP)
You shall have no god before yourself.
Your divine heritage dramatically boosts your attributes as you level up.
You have supernaturally acute eyesight. (SInv)
Your muscles are strong. (Str +2)


Message History

You feel very sick.
There is a stone staircase leading down here.
You take 4 damage, and have 27/38 hp.
You hit the scorpion but do no damage.
You feel sick. The scorpion stings you.
You are more poisoned.
The scorpion poisons you!
You take 5 damage, and have 22/38 hp.
You completely miss the scorpion.
You feel very sick. The scorpion stings you!
You take 10 damage, and have 12/38 hp.
MASSIVE DAMAGE!!
You are too injured to fight recklessly!
You are too injured to fight recklessly!
It was a potion of invisibility.
You fade into invisibility!
* * * LOW HITPOINT WARNING * * *
You feel very sick. The scorpion misses you.
You take 4 damage, and have 8/38 hp.
It was a potion of mutation.
You feel extremely strange.
Your vision sharpens.
You feel stronger.
* * * LOW HITPOINT WARNING * * *
You feel sick. The scorpion barely misses you. The scorpion closely misses you.
You take 2 damage, and have 6/38 hp.
You hit the scorpion.
The scorpion is lightly wounded.
* * * LOW HITPOINT WARNING * * *
You feel sick.
You take 2 damage, and have 4/38 hp.
* * * LOW HITPOINT WARNING * * *
You feel sick.
You take 2 damage, and have 2/38 hp.
As you read the scroll labelled GOIROJ UFOZE, it crumbles to dust.
It is a scroll of identify.
o - a scroll of enchant weapon
* * * LOW HITPOINT WARNING * * *
You feel sick.
You take 1 damage, and have 1/38 hp.
Okay, then.
You die...

#............#
#............#
#........#.#.#
#.......†#.#.#
##########.).## #
#....# # #....# #
#.#..## #
#.#.@.############
##
#.#..............#
.#
#.#..>##########.#
.# #.#.#.#......#
#.# .#
#.#s#.#.####.###.#
.# #.#.#.#.#
#.....# .#
#.#.#.#.###########
.#
#.#.#.#...........#
.#
#...#.#.########.##


You could see a scorpion (wandering).

Vanquished Creatures
  A bullfrog skeleton (D:4)
  2 adders
  A worm (D:2)
  2 dart slugs (D:1)
  3 orcs (D:3)
  3 endoplasms
  3 giant cockroaches
  7 goblins
  3 hobgoblins
  3 jackals (D:1)
  6 quokkas
  7 ball pythons
  3 bats
  2 frilled lizards (D:1)
  2 kobolds
  4 rats
52 creatures vanquished.

Notes
Turn   | Place    | Note
-------+----------+-------------------------------------------
     0 | D:1      | gimp the Demigod Wanderer began the quest for the Orb.
     0 | D:1      | gimp set off with the following items: a +0 dagger, an
                  | atropa-tipped dart, 2 datura-tipped darts, a +0 mace, a +0
                  | helmet, a +0 leather armour
     0 | D:1      | Reached XP level 1. HP: 18/18 MP: 3/3
   197 | D:1      | Reached skill level 1 in Short Blades
   267 | D:1      | Reached XP level 2. HP: 15/25 MP: 4/4
   804 | D:1      | Found Xazxasoy's Magic Scroll Shoppe.
  1365 | D:2      | Reached XP level 3. HP: 31/31 MP: 5/5
  3613 | D:4      | Reached XP level 4. HP: 38/38 MP: 6/6
  3663 | D:3      | Gained mutation: You have supernaturally acute eyesight.
                  | (SInv) [potion of mutation]
  3663 | D:3      | Gained mutation: Your muscles are strong. (Str +2) [potion
                  | of mutation]
  3666 | D:3      | HP: 1/38 [poisoned by a scorpion]
  3667 | D:3      | Succumbed to a scorpion's poison

Illustrated notes

Levels and vault maps discovered:
D:1:      minmay_arrival_diagonal_passages, layout_basic, serial_shops,
          nicolae_shop_window_shopping
D:2:      layout_loops_ring
D:3:      layout_basic, basic_ecumenical_altar
D:4:      layout_layer_cave, yredelemnul_altar_generic,
          kennysheep_generic_room_6, uniq_blork_the_orc

Skill      XL: |  1  2  3  4 |
---------------+-------------+-----
Short Blades   | 1 2 3 |  3.1
Fighting       | 3 |  3.5
Maces & Flails | |  1.0
Dodging        | |  1.0
Stealth        | |  4.5

Action                   |  1- 3 |  4- 6 || total
-------------------------+-------+-------++-------
Melee: Dagger            |   186 |     5 ||   191
  Use: Potion            |     1 |     2 ||     3
       Scroll            |       |     1 ||     1
 Stab: Sleeping          |    16 |     2 ||    18
Armor: Leather armour    |    48 |       ||    48
Dodge: Dodged            |    76 |     5 ||    81

Table legend: (Time is in decaauts)
 A = Elapsed time spent in this place.
 B = Non-inter-level travel time spent in this place.
 C = Inter-level travel time spent in this place.
 D = Time resting spent in this place.
 E = Time spent auto-exploring this place.
 F = Levels seen in this place.
 G = Mean time per level.
                   A        B        C        D        E       F      G
               +--------+--------+--------+--------+--------+-----+--------+
         Total |   3649 |   3496 |    153 |      3 |   2833 |   4 |  912.2 |
       Dungeon |   3649 |   3496 |    153 |      3 |   2833 |   4 |  912.2 |
               +--------+--------+--------+--------+--------+-----+--------+

Top non-repeatable levels by time:
     D:3: 1434 daAuts
     D:1: 1351 daAuts
     D:2: 791 daAuts
     D:4: 72 daAuts
